 Dungeon Crawl Stone Soup version 0.32-a0-893-gf85d74f360 (webtiles) character file.

Game seed: 11177221733229300470

175 pokedragonboy the Grasshopper (level 5, -6/46 HPs)
             Began as a Naga Warper on Apr 3, 2024.
             Mangled by a kobold brigand
             ... wielding a +0 whip
              (7 damage)
             ... in a sewer.
             The game lasted 00:04:32 (2529 turns).

pokedragonboy the Grasshopper (Naga Warper)         Turns: 2529, Time: 00:04:32

Health: -6/46      AC:  7    Str: 16    XL:     5   Next: 55%
Magic:  9/9        EV:  6    Int: 13    God:
Gold:   124        SH:  0    Dex: 10    Spells: 4/9 levels left

rFire   + . .        a - +0 hand axe
rCold   + . .        (no shield)
rNeg    . . .        b - +0 leather armour
rPois   +            (no helmet)
rElec   .            o - scarf {rC+ rF+}
rCorr   .            (no gloves)
SInv    +            i - +0 barding
Will    .....        (no amulet)
Stlth   +            (no ring)
HPRegen 0.27/turn    (no ring)
MPRegen 0.11/turn

%: no passive effects
@: short of breath, very slow
A: AC +1, large, see invisible, deformed body, poison resistance, slowness 2,
spit poison 1, naga tail 1
a: Spit Poison


You were in a sewer.
You visited 1 branch of the dungeon, and saw 3 of its levels.
You also visited: Sewer.

You collected 124 gold pieces.

Inventory:

Hand Weapons
 a - a +0 hand axe (weapon)
Missiles
 d - 7 darts of dispersal
Armour
 b - a +0 leather armour (worn)
 i - a +0 barding (worn)
 o - a scarf of resistance (worn)
Scrolls
 c - a scroll of blinking
 e - 2 scrolls of fog {unknown}
 f - a scroll of vulnerability {unknown}
 h - 2 scrolls of teleportation
 l - 2 scrolls of poison
Potions
 g - 4 potions of curing
 k - a potion of heal wounds {unknown}
 m - a potion of mutation {unknown}
 n - a potion of attraction {unknown}


   Skills:
 + Level 2.7 Fighting
 * Level 3.5 Axes
 - Level 0.8 Throwing
 - Level 0.7 Armour
 - Level 1.5 Dodging
 + Level 2.7 Spellcasting
 * Level 4.3 Translocations


You had 4 spell levels left.
You knew the following spells:

 Your Spells              Type           Power      Damage    Failure   Level
j - Teleport Other        Tloc           12%        N/A       16%         3
n - Blink                 Tloc           24%        N/A       8%          2

Your spell library contained the following spells:

 Spells                   Type           Power      Damage    Failure   Level
 Lesser Beckoning         Tloc           24%        N/A       8%          2
 Maxwell's Portable Pile  Tloc           12%        2d(6-17)  16%         3
 Foxfire                  Conj/Fire      4%         2x1d4     28%         1
 Sigil of Binding         Hex            1%         N/A       65%         3
 Vhi's Electric Charge    Tloc/Air       14%        N/A       75%         4
 Death Channel            Necr           0%         N/A       100%        6
 Plasma Beam              Fire/Air       0%         2x1d10    100%        6
 Sculpt Simulacrum        Ice/Alch       0%         N/A       100%        6
 Starburst                Conj/Fire      0%         6d3       100%        6


Dungeon Overview and Level Annotations

Branches:
Dungeon (3/15)              Sewer (1/1)

Altars:


Innate Abilities, Weirdness & Mutations

Your serpentine skin is tough. (AC +1)
You have supernaturally acute eyesight. (SInv)
Armour fits poorly on your strangely shaped body.
Your system is resistant to poisons. (rPois)
You cover ground very slowly.
You can spit poison.
You have a snake-like lower body.


Message History

The kobold brigand is severely wounded.
The kobold brigand barely misses you. x2
Aiming: Spit Poison (1% risk of failure)
Press: ? - help, Q - select action, (/) - cycle Shift-Dir - straight line, f/p - kobold brigand
Aim: a kobold brigand, wielding a +0 whip and quivering poisoned darts (severely wounded, unable to see you, 50% to hit)
The splash of poison hits the kobold brigand.
The kobold brigand is almost dead.
The kobold brigand barely misses you.
You closely miss the kobold brigand.
The kobold brigand is almost dead.
The kobold brigand completely misses you.
You closely miss the kobold brigand.
The kobold brigand is almost dead.
The kobold brigand hits you with a +0 whip.
* * * LOW HITPOINT WARNING * * *
You hit the kobold brigand but do no damage.
The kobold brigand is almost dead.
You flicker back into view.
The kobold brigand hits you but does no damage.
You completely miss the kobold brigand.
The kobold brigand is almost dead.
The kobold brigand hits you but does no damage.
You miss the kobold brigand.
The kobold brigand is almost dead.
The kobold brigand hits you with a +0 whip.
* * * LOW HITPOINT WARNING * * *
You can't do that yet.
You closely miss the kobold brigand.
The kobold brigand is almost dead.
You have got your breath back.
The kobold brigand hits you with a +0 whip.
* * * LOW HITPOINT WARNING * * *
Okay, then.
Aiming: Spit Poison (1% risk of failure)
Press: ? - help, Q - select action, (/) - cycle Shift-Dir - straight line, f/p - kobold brigand
Aim: a kobold brigand, wielding a +0 whip and quivering poisoned darts (almost dead, 50% to hit)
The splash of poison hits the kobold brigand.
The kobold brigand is almost dead.
The kobold brigand hits you with a +0 whip!
You die...

... .. ####.####
#..~~~~.# #.~~~~~~#
#.~≈≈≈~.# #~~≈≈≈~)#
#~~≈≈≈)@# #.~~≈~)K#
#.~~≈~..#
#..~≈~.~################
#~~~≈~~~~~~~~~~~~~~~~~~~
#.~~≈~.~################
##.~≈~.## #.~≈~.#
###.~≈≈.#


You could see a kobold brigand.

Vanquished Creatures
  A kobold brigand (Sewer)
  4 adders
  A dart slug (D:2)
  2 ribbon worms
  3 orcs (D:3)
  10 ball pythons
  2 bats
  4 endoplasms (D:2)
  7 goblins
  4 hobgoblins
  2 jackals (Sewer)
  3 quokkas
  5 frilled lizards
  5 kobolds
  11 rats
64 creatures vanquished.

Notes
Turn   | Place    | Note
-------+----------+-------------------------------------------
     0 | D:1      | pokedragonboy the Naga Warper began the quest for the Orb.
     0 | D:1      | Reached XP level 1. HP: 19/19 MP: 3/3
   393 | D:1      | Reached XP level 2. HP: 8/26 MP: 5/5
  1404 | D:2      | Reached XP level 3. HP: 32/32 MP: 6/6
  1407 | D:2      | Learned a level 2 spell: Blink
  1411 | D:2      | Learned a level 3 spell: Teleport Other
  1836 | D:2      | Reached XP level 4. HP: 37/40 MP: 7/7
  2220 | D:3      | Found a faded altar of an unknown god.
  2400 | D:3      | Found a glowing drain.
  2413 | Sewer    | Entered a sewer
  2480 | Sewer    | Noticed a kobold brigand
  2482 | Sewer    | Noticed a kobold brigand
  2486 | Sewer    | Reached skill level 4 in Translocations
  2507 | Sewer    | Killed a kobold brigand
  2508 | Sewer    | Reached XP level 5. HP: 20/46 MP: 7/9
  2528 | Sewer    | HP: 1/46 [kobold brigand/+0 whip (5)]
  2529 | Sewer    | Mangled by a kobold brigand

Illustrated notes

Levels and vault maps discovered:
D:1:      wander_arrival_peaceful_grave, layout_basic, grunt_decor_fettered,
          nrook_mini_backslash
D:2:      layout_basic, kennysheep_generic_room_6
D:3:      layout_loops_ring, xom_teletrap_fun,
          mainiacjoe_overflow_catch_the_wave,
          hellmonk_ecumenical_altar_arch_garden, cheibrodos_sewer_entry_drain,
          chequers_serial_rivers_micro_c
Sewer:    sewer_kobolds

Skill      XL: |  1  2  3  4 |
---------------+-------------+-----
Axes           | 3 |  3.5
Translocations | 4 |  4.3
Fighting       | |  2.7
Throwing       | |  0.8
Armour         | |  0.7
Dodging        | |  1.5
Spellcasting   | |  2.7

Action                     |  1- 3 |  4- 6 || total
---------------------------+-------+-------++-------
  Melee: Hand axe          |   109 |   106 ||   215
Ability: Spit Poison       |     4 |     5 ||     9
    Use: Scroll            |       |     4 ||     4
         Potion            |       |     1 ||     1
   Stab: Invisible         |       |     2 ||     2
 Armour: Leather armour    |    96 |    93 ||   189
  Dodge: Dodged            |    33 |    38 ||    71

Table legend: (Time is in decaauts)
 A = Elapsed time spent in this place.
 B = Non-inter-level travel time spent in this place.
 C = Inter-level travel time spent in this place.
 D = Time resting spent in this place.
 E = Time spent auto-exploring this place.
 F = Levels seen in this place.
 G = Mean time per level.
                   A        B        C        D        E       F      G
               +--------+--------+--------+--------+--------+-----+--------+
         Total |   3237 |   3159 |     78 |    131 |   2411 |   4 |  809.2 |
       Dungeon |   3093 |   3015 |     78 |    131 |   2342 |   3 | 1031.0 |
         Sewer |    144 |    144 |      0 |      0 |     69 |   1 |  144.0 |
               +--------+--------+--------+--------+--------+-----+--------+

Top non-repeatable levels by time:
     D:1: 1802 daAuts
     D:2: 983 daAuts
     D:3: 307 daAuts
   Sewer: 144 daAuts
